 Dungeon Crawl Stone Soup version 0.20.1-1-g8b1a95d (webtiles) character file.

2398 KoningWillie the Carver (level 9, -11/81 HPs)
             Began as a Minotaur Fighter on Oct 18, 2017.
             Was an Initiate of Trog.
             Mangled by a two-headed ogre
             ... wielding a +0 giant spiked club
              (14 damage)
             ... on level 7 of the Dungeon.
             The game lasted 00:12:37 (5545 turns).

KoningWillie the Carver (Minotaur Fighter)          Turns: 5545, Time: 00:12:37

Health: -11/81     AC: 10    Str: 25    XL:     9   Next: 23%
Magic:  0/8        EV:  9    Int:  5    God:    Trog [......]
Gold:   361        SH: 11    Dex:  9    Spells: 8/8 levels left

rFire    . . .     SeeInvis .   a - +1 long sword
rCold    . . .     Gourm    .   c - +0 shield
rNeg     . . .     Faith    .   b - +1 scale mail
rPois    .         Spirit   +   (helmet restricted)
rElec    .         Reflect  .   (no cloak)
rCorr    .         Harm     .   q - +0 pair of gloves
MR       .....                  (no boots)
Stlth    ..........             i - amulet of guardian spirit
Regen    0.3/turn               k - +2 ring of slaying
MPRegen  0.2/turn               (no ring)

@: no status effects
A: retaliatory headbutt, horns 2
a: Burn Spellbooks, Renounce Religion


You were on level 7 of the Dungeon.
You worshipped Trog.
Trog was noncommittal.
You were not hungry.

You visited 1 branch of the dungeon, and saw 7 of its levels.

You collected 361 gold pieces.

Inventory:

Hand Weapons
 a - a +1 long sword (weapon)
Armour
 b - a +1 scale mail (worn)
 c - a +0 shield (worn)
 q - a +0 pair of gloves (worn)
Jewellery
 g - a cursed ring of stealth
 i - an amulet of guardian spirit (around neck)
 k - a +2 ring of slaying (left hand)
Scrolls
 h - 2 scrolls of fear
 s - 2 scrolls of teleportation
 u - a scroll of random uselessness {unknown}
Potions
 d - a potion of might
 e - 3 potions of curing
 j - a potion of brilliance {unknown}
 l - a potion of experience {unknown}
 p - a potion of flight {unknown}
 r - 2 potions of heal wounds {unknown}
Comestibles
 f - 2 bread rations
 m - a royal jelly
 n - 2 meat rations
 o - 4 fruits


   Skills:
 * Level 7.8 Fighting
 + Level 9.1 Long Blades
 + Level 7.5 Armour
 + Level 2.5 Dodging
 + Level 0.5 Stealth
 + Level 7.4 Shields


You had 8 spell levels left.
You didn't know any spells.

Dungeon Overview and Level Annotations

Branches:
Dungeon (7/15)
 Temple: D:4-7

Altars:
Cheibriados
Qazlal
Sif Muna
Trog

Annotations:
D:5 Menkaure


Innate Abilities, Weirdness & Mutations

You reflexively headbutt those who attack you in melee.
You have a pair of horns on your head.


Message History

The two-headed ogre hits you with a giant spiked club!
The two-headed ogre closely misses you.
You hit the two-headed ogre.
Your headbutt misses the two-headed ogre.
The two-headed ogre is severely wounded.
You hit the two-headed ogre but do no damage.
The two-headed ogre is severely wounded.
The two-headed ogre hits you with a giant spiked club!
The two-headed ogre hits you with a giant club.
You slash the two-headed ogre!
The two-headed ogre is almost dead.
The two-headed ogre hits you with a giant spiked club!
The two-headed ogre hits you with a giant club.
* * * LOW HITPOINT WARNING * * *
You hit the two-headed ogre.
The two-headed ogre is almost dead.
The two-headed ogre hits you with a giant spiked club!!
* * * LOW HITPOINT WARNING * * *
The two-headed ogre hits you with a giant club!
You die...

##..#.# ..##.# #
#.##.### ##.
#......## ..#
##.......## ...
#.>.......#
#$##.........#
#.†#.<.......#
#O@.....>...#
#...).........#
................##
#####..#.......>.#
#.##.........# #..
#........... #.#
#........... #.
#...........


You could see a two-headed ogre.

Vanquished Creatures
  Pikel (D:6)
  A hippogriff (D:7)
  Sigmund (D:5)
  An eye of draining (D:4)
  4 ogres
  An ice beast (D:5)
  A phantom (D:6)
  3 centaurs
  2 bullfrogs
  A water moccasin skeleton (D:7)
  A scorpion (D:5)
  An orc priest (D:6)
  A bullfrog skeleton (D:6)
  A centaur skeleton (D:5)
  2 orc wizards
  2 bullfrog zombies
  2 iguanas
  2 worker ants
  2 hound skeletons (D:6)
  2 howler monkey skeletons
  5 adders
  2 gnolls
  A shadow imp (D:6)
  An adder skeleton (D:4)
  An adder zombie (D:6)
  3 worms
  2 dart slugs (D:1)
  5 leopard geckos
  13 orcs
  A giant cockroach (D:2)
  6 goblins
  6 hobgoblins
  5 jackals
  8 kobolds
  2 quokkas
  A bat (D:1)
  3 frilled lizards
  4 rats
101 creatures vanquished.

Notes
Turn   | Place    | Note
-------+----------+-------------------------------------------
     0 | D:1      | KoningWillie the Minotaur Fighter began the quest for the Orb.
     0 | D:1      | Reached XP level 1. HP: 19/19 MP: 0/0
   302 | D:1      | Found a snail-covered altar of Cheibriados.
   303 | D:1      | Reached XP level 2. HP: 27/27 MP: 1/1
   835 | D:1      | Reached XP level 3. HP: 30/33 MP: 2/2
  1490 | D:2      | Found a stormy altar of Qazlal.
  1773 | D:2      | Reached XP level 4. HP: 41/41 MP: 3/3
  2212 | D:2      | Found a deep blue altar of Sif Muna.
  2477 | D:3      | You fall through a shaft!
  2680 | D:3      | You fall through a shaft for 2 floors!
  2680 | D:5      | Entered Level 5 of the Dungeon
  3005 | D:4      | Reached skill level 3 in Long Blades
  3005 | D:4      | Reached XP level 5. HP: 46/47 MP: 4/4
  3010 | D:4      | Reached skill level 1 in Dodging
  3098 | D:4      | Noticed an ogre
  3108 | D:4      | Killed an ogre
  3108 | D:4      | Reached skill level 5 in Armour
  3117 | D:4      | Noticed an eye of draining
  3136 | D:4      | Killed an eye of draining
  3136 | D:4      | Reached skill level 4 in Long Blades
  3136 | D:4      | Reached skill level 5 in Shields
  3136 | D:4      | Reached XP level 6. HP: 53/53 MP: 0/5
  3183 | D:4      | Found a bloodstained altar of Trog.
  3190 | D:4      | Became a worshipper of Trog the Wrathful
  3269 | D:4      | Reached skill level 5 in Fighting
  3316 | D:4      | Reached skill level 5 in Long Blades
  3497 | D:5      | Reached XP level 7. HP: 47/61 MP: 3/6
  3566 | D:5      | Noticed Sigmund
  3605 | D:5      | Killed Sigmund
  3931 | D:5      | Reached skill level 6 in Long Blades
  4000 | D:5      | Noticed Menkaure
  4005 | D:5      | Reached XP level 8. HP: 56/70 MP: 4/7
  4523 | D:6      | Reached skill level 7 in Long Blades
  5011 | D:6      | Noticed Pikel
  5020 | D:6      | Killed Pikel
  5020 | D:6      | Reached skill level 8 in Long Blades
  5020 | D:6      | Reached XP level 9. HP: 64/79 MP: 6/8
  5317 | D:6      | Reached * piety under Trog
  5535 | D:7      | Noticed a two-headed ogre
  5538 | D:7      | Reached skill level 9 in Long Blades
  5545 | D:7      | HP: 3/81 [two-headed ogre/giant spiked club (22)]
  5545 | D:7      | Mangled by a two-headed ogre

Skill      XL: |  1  2  3  4  5  6  7  8  9 |
---------------+----------------------------+-----
Armour         | 4 5 6 7 |  7.5
Fighting       | 4 5 7 |  7.8
Shields        | 4 5 6 7 |  7.4
Long Blades    | 3 4 5 6 8 9 |  9.1
Dodging        | 1 2 |  2.5
Stealth        | |  0.5

Action                   |  1- 3 |  4- 6 |  7- 9 || total
-------------------------+-------+-------+-------++-------
Melee: Long sword        |    79 |   111 |   121 ||   311
       Headbutt          |    19 |    36 |    24 ||    79
Invok: Burn Spellbooks   |       |       |     1 ||     1
  Use: Scroll            |     2 |     5 |     2 ||     9
  Eat: Meat ration       |     1 |       |     1 ||     2
       Bread ration      |       |     1 |     1 ||     2
Armor: Scale mail        |    38 |    39 |    47 ||   124
Dodge: Dodged            |    18 |    36 |    41 ||    95
Block: Shield            |    30 |    62 |    67 ||   159
       Rpst.: Long sword |     5 |    16 |    12 ||    33
